 Dungeon Crawl Stone Soup version 0.30.1-11-g7821555f0a (webtiles) character file.

Game seed: 1272149305623994527

46 cowcol the Covered (level 3, -2/31 HPs)
             Began as a Minotaur Fighter on Oct 31, 2023.
             Slain by a hobgoblin (3 damage)
             ... led by Robin
             ... on level 2 of the Dungeon.
             The game lasted 00:02:43 (1051 turns).

cowcol the Covered (Minotaur Fighter)               Turns: 1051, Time: 00:02:45

Health: -2/31      AC:  7    Str: 22    XL:     3   Next: 44%
Magic:  2/2        EV:  9    Int:  5    God:
Gold:   66         SH:  4    Dex:  9    Spells: 2/2 levels left

rFire   . . .        a - +0 war axe
rCold   . . .        c - +0 buckler
rNeg    . . .        b - +0 scale mail
rPois   .            (helmet restricted)
rElec   .            (no cloak)
rCorr   .            (no gloves)
SInv    .            (no boots)
Will    .....        (no amulet) Stlth
                     (no ring)
HPRegen 0.25/turn    (no ring)
MPRegen 0.08/turn

%: no passive effects
@: mighty
A: horns 2, retaliatory headbutt
a: no special abilities


You were on level 2 of the Dungeon.
You visited 1 branch of the dungeon, and saw 2 of its levels.

You collected 66 gold pieces.

Inventory:

Hand Weapons
 a - a +0 war axe (weapon)
Missiles
 j - 5 javelins (quivered)
Armour
 b - a +0 scale mail (worn)
 c - a +0 buckler (worn)
 g - a +0 chain mail
Jewellery
 e - a ring of positive energy
Scrolls
 f - a scroll of magic mapping {unknown}
 h - a scroll of teleportation {unknown}
Potions
 i - a potion of ambrosia {unknown}


   Skills:
 - Level 3.6 Fighting
 + Level 3.6 Axes
 + Level 4.7 Armour
 - Level 3.6 Shields


You had 2 spell levels left.
You didn't know any spells.
Your spell library was empty.

Dungeon Overview and Level Annotations

Branches:
Dungeon (2/15)

Altars:

Shops:
D:1 *


Innate Abilities, Weirdness & Mutations

You have a pair of horns on your head.
You reflexively headbutt those who attack you in melee.


Message History

The hobgoblin hits you. The goblin hits you but does no damage.
You slice the goblin!!
You kill the goblin!
You closely miss the hobgoblin. You closely miss the goblin.
You slash the goblin!
You kill the goblin!
The goblin closely misses you.
A goblin comes into view. It is wielding a +0 club.
A hobgoblin comes into view.
Robin throws the goblin at you!
The hobgoblin hits you but does no damage.
The hobgoblin shouts!
You hit the goblin.
You kill the goblin!
You barely miss the goblin. You hit the goblin. You barely miss the hobgoblin.
The hobgoblin hits you but does no damage.
The goblin hits you with a +0 club. The goblin hits you with a +0 dagger.
The hobgoblin barely misses you.
The goblin unwields a +0 club.
The goblin wields a +0 sling.
The goblin shoots a sling bullet.
The sling bullet hits you.
Robin hits you from afar with a +0 heavy trident.
Items here: ))) †.
The goblin attacks as you move away! The goblin hits you with a +0 dagger.
* * * LOW HITPOINT WARNING * * *
The hobgoblin closely misses you.
Unknown command.
A goblin comes into view. It is wielding a +0 dagger.
The goblin shouts!
The hobgoblin barely misses you.
The goblin unwields a +0 dagger.
The goblin wields a +0 sling.
The goblin shoots a sling bullet.
The sling bullet barely misses you. Robin hits you with a +0 heavy trident.
* * * LOW HITPOINT WARNING * * *
You hit the hobgoblin.
You kill the hobgoblin!
You slash Robin!
You kill Robin!
You closely miss the hobgoblin. You slash the goblin!
You kill the goblin!
The hobgoblin hits you.
You die...

#.......# ...... #........
..... #..#.#..# ....
#.g#.#..###...
#..#.#..#.... #..#.#..#.#.#
########..#)#.)#.#.##
#......#..@gg)...)^$#####
#.####.####).)).........###
####.####.#
####...!........
####.......#.# #..........#
.....##.##.#.# #..........#
#######.##.#.###
#...#......# ...#
#........# #..........#
...# ########.###
##........## ##.# #<.....#
######...#


You could see a hobgoblin (strong) and 2 goblins.

Vanquished Creatures
  Robin (D:2)
  3 bats
  2 endoplasms
  5 giant cockroaches (D:1)
  11 goblins
  4 hobgoblins
  5 kobolds (D:1)
  A quokka (D:1)
  4 ball pythons (D:1)
  A frilled lizard (D:1)
  6 rats
43 creatures vanquished.

Notes
Turn   | Place    | Note
-------+----------+-------------------------------------------
     0 | D:1      | cowcol the Minotaur Fighter began the quest for the Orb.
     0 | D:1      | Reached XP level 1. HP: 19/19 MP: 0/0
   129 | D:1      | Found Matzues's Assorted Antiques.
   146 | D:1      | Reached skill level 4 in Armour
   194 | D:1      | Reached XP level 2. HP: 26/26 MP: 1/1
   272 | D:1      | Found a faded altar of an unknown god.
   620 | D:1      | Reached XP level 3. HP: 25/31 MP: 2/2
  1040 | D:2      | Noticed Robin
  1050 | D:2      | HP: 1/31 [Robin/+0 heavy trident (5)]
  1051 | D:2      | Killed Robin
  1051 | D:2      | Slain by a hobgoblin

Illustrated notes

Levels and vault maps discovered:
D:1:      zelgadis_glass_arrival_small, layout_basic,
          ebering_ecumenical_altar_box, serial_shops, shop, st_stairs_2
D:2:      layout_loops_cross, uniq_robin

Skill      XL: |  1  2 |
---------------+-------+-----
Armour         | 4 |  4.7
Axes           | 3 |  3.6
Fighting       | |  3.6
Shields        | |  3.6

Action                     || total
---------------------------++-------
  Melee: War axe           ||    80
         Headbutt          ||     7
    Use: Scroll            ||     1
         Potion            ||     1
 Armour: Scale mail        ||    47
  Dodge: Dodged            ||    46
  Block: Buckler           ||    22
